 Dungeon Crawl Stone Soup version 0.22-a0-448-g1fb7470 (webtiles) character file.

42 iamserjio the Sneak (level 3, 0/18 HPs)
             Began as a Spriggan Assassin on June 4, 2018.
             Succumbed to a kobold's poison
             ... on level 2 of the Dungeon.
             The game lasted 00:01:45 (1450 turns).

iamserjio the Sneak (Spriggan Assassin)             Turns: 1450, Time: 00:01:46

Health: 0/18       AC:  3    Str: 10 (13) XL:     3   Next: 33%
Magic:  4/4        EV: 17    Int: 10 (12) God:
Gold:   46         SH:  0    Dex: 16 (17) Spells: 2/2 levels left

rFire    . . .     SeeInvis +   a - +2 dagger
rCold    . . .     Gourm    .   (shield restricted)
rNeg     . . .     Faith    .   c - +0 robe
rPois    .         Spirit   .   (helmet restricted)
rElec    .         Reflect  .   d - +0 cloak
rCorr    .         Harm     .   (gloves unavailable)
MR       .....                  (boots unavailable)
Stlth    +++.......             (no amulet)
HPRegen  0.06/turn              (no ring)
MPRegen  0.09/turn              (no ring)

@: mighty, lethally poisoned (0 -> -6), very slightly contaminated, invisible,
very quick
A: very small, unfitting armour, see invisible, herbivore, speed 3, slow
metabolism 2
a: no special abilities


You were on level 2 of the Dungeon.
You were not hungry.

You visited 1 branch of the dungeon, and saw 2 of its levels.

You collected 46 gold pieces.

Inventory:

Hand Weapons
 a - a +2 dagger (weapon)
 b - a +0 blowgun
Missiles
 e - 8 poisoned needles
 f - 2 curare-tipped needles
Armour
 c - a +0 robe (worn)
 d - a +0 cloak (worn)
Wands
 o - a wand of paralysis (8)
Scrolls
 h - a scroll of teleportation {unknown}
 l - a scroll of immolation {unknown}
 m - a scroll of fear {unknown}
Potions
 j - a potion of brilliance {unknown}
Comestibles
 g - 4 rations


   Skills:
 + Level 1.9 Fighting
 * Level 3.2 Short Blades
 - Level 2.0 Throwing
 + Level 2.4 Dodging
 + Level 6.2 Stealth


You had 2 spell levels left.
You didn't know any spells.
Your spell library was empty.

Dungeon Overview and Level Annotations

Branches:
Dungeon (2/15)

Altars:


Innate Abilities, Weirdness & Mutations

You are very small and have problems with some larger weapons.
You are too small for most types of armour.
You have supernaturally acute eyesight. (SInv)
You are a herbivore.
You cover ground extremely quickly.
You need to consume almost no food.


Message History

The worm is heavily wounded.
You feel sick. The kobold closely misses you. The worm bites you!
Ouch! That really hurt!
* * * LOW HITPOINT WARNING * * *
You are too injured to fight recklessly!
The kobold throws a stone.
The stone hits you but does no damage.
There is an open door here.
You see here a stone.
It was a potion of invisibility.
You fade into invisibility!
* * * LOW HITPOINT WARNING * * *
You feel sick.
The kobold throws a stone.
You are very lightly contaminated with residual magic.
It was a potion of degeneration.
There was something very wrong with that liquid.
You feel weakened.
You feel dopey.
You feel clumsy.
The kobold throws a stone.
The stone hits the worm.
It was a potion of might.
You feel very mighty all of a sudden.
You die...

#.........#
#.........#
#.........##
#..........#
#######....# #....#
####### #....#
##...K.####....######
#....$.w@............
#......######.######.
#.###### #.#
###########.#
#.........#.#
#.#..)###.#.#
###########.#...#
#.#.#
..........#.#...#
#.#.#
#.#######.#.#...#
#.#.#


You could see a worm and a kobold.

Vanquished Creatures
  A howler monkey skeleton (D:2)
  An adder (D:2)
  A leopard gecko (D:2)
  A giant cockroach (D:1)
  2 goblins (D:2)
  4 hobgoblins
  2 kobolds
  4 bats
  3 frilled lizards
  2 rats (D:1)
21 creatures vanquished.

Notes
Turn   | Place    | Note
-------+----------+-------------------------------------------
     0 | D:1      | iamserjio the Spriggan Assassin began the quest for the Orb.
     0 | D:1      | Reached XP level 1. HP: 10/10 MP: 2/2
   217 | D:1      | Reached skill level 6 in Stealth
   297 | D:1      | Reached XP level 2. HP: 15/15 MP: 3/3
  1177 | D:2      | Reached XP level 3. HP: 18/18 MP: 4/4
  1450 | D:2      | Succumbed to a kobold's poison

Vault maps used:
D:1:      co_arrival_square_in_a_square_in_a_square,
          minmay_misc_feat_more_columns
D:2:      lexackson_kobold_supper

Skill      XL: |  1  2 |
---------------+-------+-----
Stealth        | 6 |  6.2
Dodging        | 2 |  2.4
Short Blades   | 3 |  3.2
Fighting       | |  1.9
Throwing       | |  2.0

Action                   || total
-------------------------++-------
Melee: Dagger            ||    68
  Use: Potion            ||     3
 Stab: Sleeping          ||    11
Armor: Robe              ||     6
Dodge: Dodged            ||    34

Table legend:
 A = Spawn XP
 B = Non-spawn XP
 C = Spawn XP percentage of total XP
 D = Spawn monster count
 E = Non-spawn monster count
 F = Spawn count percentage of total count
 G = Total turns spent on level
                    A         B        C        D         E        F      G
               +---------+---------+-------+---------+---------+-------+---------
         Total |       0 |      60 |   0.0 |       0 |      21 |   0.0 |  1450
               +---------+---------+-------+---------+---------+-------+---------
           D:1 |       0 |      14 |   0.0 |       0 |      10 |   0.0 |   613
           D:2 |       0 |      46 |   0.0 |       0 |      11 |   0.0 |   837
               +---------+---------+-------+---------+---------+-------+---------
